 Dungeon Crawl Stone Soup version 0.29.1-13-g9f3cf754e1 (webtiles) character file.

Game seed: 4302069812675236778

53 Thatpatchoflichen the Trooper (level 3, -6/40 HPs)
             Began as an Ogre Fighter on Jan 29, 2023.
             Mangled by Sigmund
             ... wielding a +5 scythe of venom
              (12 damage)
             ... on level 3 of the Dungeon.
             The game lasted 00:05:11 (2519 turns).

Thatpatchoflichen the Trooper (Ogre Fighter)        Turns: 2519, Time: 00:05:11

Health: -6/40      AC:  3    Str: 20    XL:     3   Next: 87%
Magic:  3/3        EV:  9    Int:  9    God:
Gold:   99         SH:  7    Dex: 10    Spells: 2/2 levels left

rFire   . . .      SeeInvis .   a - +0 long sword
rCold   . . .      Faith    .   c - +0 kite shield
rNeg    . . .      Spirit   .   b - +0 robe
rPois   .          Reflect  .   (helmet restricted)
rElec   .          Harm     .   (no cloak)
rCorr   .          Rampage  .   (gloves unavailable)
Will    .....                   (boots unavailable)
Stlth   +.........              (no amulet)
HPRegen 0.13/turn               (no ring)
MPRegen 0.08/turn               (no ring)

@: lethally poisoned (-6 -> -32)
A: large, unfitting armour, tough skin 1
a: no special abilities


You were on level 3 of the Dungeon.
You visited 1 branch of the dungeon, and saw 4 of its levels.

You collected 99 gold pieces.

Inventory:

Hand Weapons
 a - a +0 long sword (weapon)
Missiles
 h - 3 boomerangs of dispersal (quivered)
 l - 8 boomerangs
 m - 3 poisoned darts
Armour
 b - a +0 robe (worn)
 c - a +0 kite shield (worn)
Scrolls
 f - 2 scrolls of poison {unknown}
 g - a scroll of immolation {unknown}
 i - 2 scrolls of amnesia {unknown}
 j - 3 scrolls of identify {unknown}
Potions
 d - a potion of might
 e - a potion of heal wounds {unknown}
 k - a potion of brilliance {unknown}
 n - a potion of haste {unknown}
 o - a potion of curing {unknown}


   Skills:
 + Level 4.6 Fighting
 + Level 2.4 Long Blades
 - Level 3.0 Dodging
 + Level 3.5 Shields


You had 2 spell levels left.
You didn't know any spells.
Your spell library contained the following spells:

 Spells                   Type           Power      Damage    Failure   Level
 Magic Dart               Conj           0%         1d3       67%         1
 Blink                    Tloc           0%         N/A       82%         2
 Searing Ray              Conj           0%         2d4       82%         2
 Fulminant Prism          Conj/Hex       0%         3d6       100%        4
 Iskenderun's Battlesphe  Conj           0%         2d6       100%        5
 Manifold Assault         Tloc           0%         N/A       100%        5
 Iron Shot                Conj/Erth      0%         9d1       100%        6
 Spellforged Servitor     Conj/Summ      0%         N/A       100%        7
 Storm Form               Tmut/Air       0%         N/A       100%        7


Dungeon Overview and Level Annotations

Branches:
Dungeon (4/15)
 Temple: D:4-7

Altars:

Shops:
D:2 [!:

Annotations:
D:3 1 runed translucent door, Crazy Yiuf, Sigmund


Innate Abilities, Weirdness & Mutations

You are too large for most types of armour.
You have tough skin. (AC +1)


Message History

HP restored.
There is a stone staircase leading down here.
You climb downwards.
Level annotation: 1 runed translucent door, Crazy Yiuf, Sigmund
There is a stone staircase leading up here.
You climb upwards.
There is a stone staircase leading down here.
There is an open door here.
There is a stone staircase leading down here.
You climb downwards.
Level annotation: 1 runed translucent door, Crazy Yiuf, Sigmund Sigmund shouts!
You block Sigmund's attack.
There is a stone staircase leading up here.
You can't go down here!
You barely miss Sigmund. You block Sigmund's attack.
You closely miss Sigmund.
Sigmund points at you and mumbles some strange words.
You resist with some effort.
You hit Sigmund.
Sigmund is moderately wounded.
You block Sigmund's attack.
You closely miss Sigmund.
Sigmund is moderately wounded.
Sigmund gestures at you while chanting. You resist with some effort.
Sigmund gestures wildly while chanting.
Sigmund flickers and vanishes!
Deactivating autopickup; reactivate with Ctrl-A.
You miss something. Something hits you!
You are poisoned.
You hit something but do no damage.
You feel very sick. Something hits you!
You are lethally poisoned!
You closely miss something.
* * * LOW HITPOINT WARNING * * *
You feel extremely sick. Something hits you!
You die...

#.# #.#.#.#
#.# #.#.#.#
#.######.....#
#...........<#
##.....#.....#
#.###.#.###.#
#.##..#.# #.#
#.##..#{###.#
#....
..##....@...#
#..@.
####..#######.
#....
#..........
#....
#@#########
#.... #.#
#.... #.#
#....#####.#
#....@.....#
############


There were no monsters in sight!

Vanquished Creatures
  An adder (D:3)
  A dart slug (D:2)
  An orc (D:4)
  2 endoplasms
  A giant cockroach (D:2)
  3 goblins
  6 hobgoblins
  3 jackals (D:1)
  4 kobolds
  2 quokkas
  7 ball pythons
  2 bats (D:2)
  A frilled lizard (D:3)
  5 rats
39 creatures vanquished.

Notes
Turn   | Place    | Note
-------+----------+-------------------------------------------
     0 | D:1      | Thatpatchoflichen the Ogre Fighter began the quest for the
                  | Orb.
     0 | D:1      | Reached XP level 1. HP: 24/24 MP: 1/1
   391 | D:1      | Reached XP level 2. HP: 8/32 MP: 2/2
  1260 | D:2      | Found Kuddagha's Armour Boutique.
  1275 | D:2      | Reached XP level 3. HP: 40/40 MP: 3/3
  1607 | D:2      | Found Qaedoris's Distillery.
  1668 | D:2      | Found Faod's Book Boutique.
  1860 | D:3      | Noticed Sigmund
  2214 | D:3      | Found a runed translucent door.
  2215 | D:3      | Noticed Crazy Yiuf
  2519 | D:3      | Mangled by Sigmund

Illustrated notes

Levels and vault maps discovered:
D:1:      ebering_trefoil_3fold, layout_basic
D:2:      layout_basic, serial_shops, nicolae_lakefront_shop, shop, shop,
          minmay_misc_feat_diagonals
D:3:      layout_basic, chequers_serial_rivers_small_3, uniq_crazy_yiuf_cottage,
          uniq_sigmund
D:4:      layout_loops_ring, lemuel_temple_firewalk_b, minmay_ruined_shrine,
          uniq_blork_the_orc, uniq_ijyb, uniq_duvessa

Skill      XL: |  1  2 |
---------------+-------+-----
Long Blades    | 2 |  2.4
Dodging        | 3 |  3.0
Fighting       | |  4.6
Shields        | |  3.5

Action                   || total
-------------------------++-------
Melee: Long sword        ||   147
 Stab: Sleeping          ||     2
Armor: Robe              ||    50
Dodge: Dodged            ||    56
Block: Kite shield       ||    64
